 Dungeon Crawl Stone Soup version 0.25.0-9-g26727b657a (webtiles) character file.

Game seed: 10028422727158747573

4 DeadF the Vexing (level 1, -7/7 HPs)
             Began as a Felid Enchanter on June 17, 2020.
             Mangled by a worm (9 damage)
             ... on level 2 of the Dungeon.
             The game lasted 00:03:32 (660 turns).

DeadF the Vexing (Felid Enchanter)                   Turns: 660, Time: 00:03:33

Health: -7/7       AC:  1    Str:  4    XL:     1   Next: 58%
Magic:  4/4        EV: 18    Int: 16    God:
Gold:   13         SH:  0    Dex: 16    Spells: 3/4 levels left
                                        Lives:  0   Deaths: 0

rFire    . . .     SeeInvis +     - Unarmed
rCold    . . .     Gourm    .   (shield unavailable)
rNeg     . . .     Faith    .   (armour unavailable)
rPois    .         Spirit   .   (helmet unavailable)
rElec    .         Reflect  .   (cloak unavailable)
rCorr    .         Harm     .   (gloves unavailable)
MR       .....                  (boots unavailable)
Stlth    +++.......             (no amulet)
HPRegen  0.02/turn              (no ring)
MPRegen  0.09/turn              (no ring)

@: quick
A: very small, no armour, no weapons or thrown items, stealth, claws 1, fangs 3,
see invisible, carnivore, speed 1, shaggy fur 1, slow metabolism 1, sharp paws
a: no special abilities


You were on level 2 of the Dungeon.
You were not hungry.

You visited 1 branch of the dungeon, and saw 2 of its levels.

You collected 13 gold pieces.

Inventory:

Scrolls
 a - a scroll of remove curse {unknown}
 c - 3 scrolls of identify {unknown}
 d - 2 scrolls of teleportation {unknown}
Comestibles
 b - 2 rations


   Skills:
 + Level 3.0 Dodging
 + Level 4.3 Stealth
 - Level 1.0 Unarmed Combat
 - Level 2.0 Spellcasting
 - Level 4.4 Hexes


You had 3 spell levels left.
You knew the following spells:

 Your Spells              Type           Power        Failure   Level  Hunger
a - Corona                Hex            ###....      3%          1    #......

Your spell library contained the following spells:

 Spells                   Type           Power        Failure   Level  Hunger
 Confusing Touch          Hex            ###.....     11%         3    ###....
 Tukima's Dance           Hex            ###.....     11%         3    ###....
 Ensorcelled Hibernation  Hex/Ice        #.....       13%         2    ###....
 Dazzling Flash           Conj/Hex       #.....       26%         3    ###....


Dungeon Overview and Level Annotations

Branches:
Dungeon (2/15)

Altars:

Annotations:
D:1 1 runed translucent door


Innate Abilities, Weirdness & Mutations

You cannot wear armour.
You are incapable of wielding weapons or throwing items.
Your paws allow you to move quietly. (Stealth)
You have sharp claws.
You have razor-sharp teeth.
You have supernaturally acute eyesight. (SInv)
You are carnivorous and can eat meat at any time.
You cover ground quickly.
You are covered in fur. (AC +1)
You have a slow metabolism.
Your sharp claws are effective at attacking unaware monsters.


Message History

Ouch! That really hurt!
* * * LOW HITPOINT WARNING * * *
There is a stone staircase leading up here.
You climb upwards.
Level annotation: 1 runed translucent door The kobold hits you but does no damage.
There is a stone staircase leading down here.
You pounce on the unaware helpless rat!
You claw the rat!
You kill the rat!
The kobold barely misses you.
Okay, then.
Okay, then.
Okay, then.
Okay, then.
Okay, then.
There is a stone staircase leading down here.
You can't go up here!
You climb downwards.
The worm bites you!
Ouch! That really hurt!
You die...

#.#.# #......#
#.#.# #......#
#.#.# #......#
#.#.#####......###
#.#.##..'....K.'.#
#.#.##.##......#.#
#.#.##.##......#.#
#.#.##.##......#.#
#@w..#.#########.#
#.####.# #.#
#......# #K#
######## #######.#
.........
#######.# ....
#.#.# #.#.#


You could see a worm.

Vanquished Creatures
  A bat (D:1)
  A hobgoblin (D:2)
  A kobold (D:1)
  2 rats (D:1)
5 creatures vanquished.

Notes
Turn   | Place    | Note
-------+----------+-------------------------------------------
     0 | D:1      | DeadF the Felid Enchanter began the quest for the Orb.
     0 | D:1      | Reached XP level 1. HP: 7/7 MP: 4/4
     1 | D:1      | Found a runed translucent door.
   660 | D:2      | Mangled by a worm

Illustrated notes

Levels and vault maps discovered:
D:1:      dpeg_arrival_caged_fury, layout_loops_cross
D:2:      layout_basic, nicolae_qazlal_eye_of_the_storm, first_ration, hex_tiny,
          glass_columns_a, uniq_terence

Skill      XL: |  1 |
---------------+----+-----
Dodging        | 3 |  3.0
Stealth        | |  4.3
Unarmed Combat | |  1.0
Spellcasting   | |  2.0
Hexes          | |  4.4

Action                   || total
-------------------------++-------
Melee: Unarmed           ||     8
 Cast: Corona            ||     2
 Stab: Sleeping          ||     4
  Eat: Chunk             ||     2
Dodge: Dodged            ||     4
